 Dungeon Crawl Stone Soup version 0.28.0-43-g3370ac3207 (webtiles) character file.

Game seed: 7153500343929063931

1579 croobank the Basher (level 8, 0/67 HPs)
             Began as a Hill Orc Fighter on Mar 15, 2022.
             Slain by a killer bee zombie (3 damage)
             ... on level 6 of the Dungeon.
             The game lasted 00:14:50 (5201 turns).

croobank the Basher (Hill Orc Fighter)              Turns: 5201, Time: 00:14:50

Health: 0/67       AC: 12    Str: 21    XL:     8   Next: 91%
Magic:  8/8        EV:  7    Int:  8    God:
Gold:   1335       SH:  4    Dex: 10    Spells: 7/7 levels left

rFire   . . .      SeeInvis .   n - +2 mace (protect)
rCold   + . .      Faith    .   c - +0 buckler
rNeg    . . .      Spirit   .   h - +2 chain mail
rPois   .          Reflect  .   g - +0 helmet
rElec   .          Harm     .   (no cloak)
rCorr   .          Rampage  .   (no gloves)
Will    .....                   (no boots)
Stlth   ..........              (no amulet)
HPRegen 0.21/turn               w - ring of protection from cold
MPRegen 0.11/turn               (no ring)

@: mighty
A: no striking features
a: no special abilities


You were on level 6 of the Dungeon.
You visited 1 branch of the dungeon, and saw 6 of its levels.

You collected 1335 gold pieces.

Inventory:

Hand Weapons
 a - a +0 war axe of protection
 n - a +2 mace of protection (weapon)
 s - a +1 morningstar of protection
Missiles
 i - 143 stones (quivered)
 p - 4 bolts
 u - 68 arrows
 v - a throwing net
Armour
 b - a +0 scale mail
 c - a +0 buckler (worn)
 g - a +0 helmet (worn)
 h - a +2 chain mail (worn)
Jewellery
 f - an amulet of magic regeneration
 w - a ring of protection from cold (left hand)
Scrolls
 e - a scroll of immolation
 k - a scroll of summoning {unknown}
 q - 2 scrolls of fog
 r - a scroll of enchant weapon {unknown}
Potions
 d - a potion of might
 j - a potion of ambrosia
 l - a potion of cancellation {unknown}
 t - a potion of flight {unknown}


   Skills:
 - Level 4.7 Fighting
 - Level 4.4(9.1) Axes
 + Level 10.3(10.6) Maces & Flails
 - Level 4.3 Armour
 - Level 4.3 Shields


You had 7 spell levels left.
You didn't know any spells.
Your spell library contained the following spells:

 Spells                   Type           Power      Damage    Failure   Level
 Corpse Rot               Necr/Air       0%         N/A       100%        2
 Dispel Undead            Necr           0%         3d6       100%        4
 Death Channel            Necr           0%         N/A       100%        6


Dungeon Overview and Level Annotations

Branches:
Dungeon (6/15)
 Temple: D:4-7

Altars:
Zin

Shops:
D:1 *

Annotations:
D:3 2 transporters, Taeram's ghost, amateur TrBe


Message History

The killer bee stings you but does no damage.
The killer bee zombie hits you but does no damage.
You closely miss the killer bee.
The killer bee is heavily wounded.
You feel sick.
The killer bee stings you but does no damage.
The killer bee zombie completely misses you.
The killer bee stings you but does no damage.
Okay, then.
As you read the scroll of teleportation, it crumbles to dust.
You feel strangely unstable.
You feel sick.
The killer bee zombie hits you but does no damage.
The killer bee stings you but does no damage.
The killer bee zombie hits you but does no damage.
The killer bee stings you but does no damage.
You hit the killer bee.
The killer bee is heavily wounded.
You feel sick.
You are no longer poisoned.
You block the killer bee zombie's attack.
The killer bee closely misses you.
You block the killer bee zombie's attack.
The killer bee stings you but does no damage.
You sock the killer bee!
You kill the killer bee!
The killer bee zombie hits you but does no damage.
You closely miss the gnoll. The gnoll hits you but does no damage.
You sock the gnoll!
The gnoll is almost dead.
Your surroundings suddenly seem different.
Found an encrusted silver wand, a book of Changes and a scale mail.
Found a stone staircase leading down.
You see here a book of Changes.
The killer bee zombie hits you.
* * * LOW HITPOINT WARNING * * *
The killer bee zombie hits you.
* * * LOW HITPOINT WARNING * * *
There is a stone staircase leading up here.
The killer bee zombie hits you.
You die...

.. .# #... #.#####
#.# #...# #.. ..# ..
....## #.. #># .#
#....#.
..####.##.##.######
#..###.
...................
... ..
....##..#........#
## . ../#....:...##
..##...###@.#..#.
###.. #Z......# ###
....#....
##.......##
###....>....
##.....###..#
...##.g##).# #..##
.......††..###...#
....######.......###


You could see a killer bee zombie.

Vanquished Creatures
  A gargoyle (D:6)
  A water moccasin (D:6)
  2 sky beasts
  2 black bears
  An ogre (D:6)
  A bullfrog (D:6)
  2 scorpions (D:5)
  A water moccasin skeleton (D:5)
  4 killer bees (D:6)
  A jelly (D:6)
  A hound (D:5)
  An iguana (D:5)
  Terence (D:3)
  An orc wizard (D:6)
  A hound zombie (D:5)
  A hound skeleton (D:5)
  A howler monkey zombie (D:6)
  5 gnolls
  A howler monkey skeleton (D:5)
  2 adders (D:4)
  A worm (D:3)
  12 orcs
  9 bats
  6 endoplasms
  3 giant cockroaches
  6 hobgoblins
  2 jackals (D:2)
  2 quokkas
  9 ball pythons
  2 frilled lizards
  5 goblins
  9 kobolds
  2 rats
99 creatures vanquished.

Notes
Turn   | Place    | Note
-------+----------+-------------------------------------------
     0 | D:1      | croobank the Hill Orc Fighter began the quest for the Orb.
     0 | D:1      | Reached XP level 1. HP: 19/19 MP: 1/1
   197 | D:1      | Found Sofealy's Assorted Antiques.
   391 | D:1      | Reached XP level 2. HP: 27/27 MP: 2/2
   600 | D:1      | Found a faded altar of an unknown god.
  1337 | D:2      | Reached XP level 3. HP: 30/33 MP: 3/3
  2049 | D:3      | Reached XP level 4. HP: 37/40 MP: 4/4
  2087 | D:3      | Found a transporter.
  2095 | D:3      | Noticed Taeram's ghost (amateur TrBe)
  2109 | D:3      | Found a transporter.
  2558 | D:3      | Noticed Terence
  2568 | D:3      | Killed Terence
  2981 | D:4      | Reached XP level 5. HP: 20/47 MP: 5/5
  3207 | D:4      | Identified a scroll of acquirement
  3207 | D:4      | Acquired 1102 gold pieces
  3281 | D:4      | Reached skill level 1 in Maces & Flails
  3634 | D:4      | Noticed a two-headed ogre
  3705 | D:5      | Entered Level 5 of the Dungeon
  3826 | D:5      | Reached skill level 3 in Maces & Flails
  3826 | D:5      | Reached XP level 6. HP: 33/53 MP: 6/6
  4177 | D:5      | Reached skill level 4 in Maces & Flails
  4177 | D:5      | Noticed a black bear
  4186 | D:5      | Killed a black bear
  4187 | D:5      | Reached XP level 7. HP: 53/60 MP: 7/7
  4242 | D:5      | Reached skill level 5 in Maces & Flails
  4557 | D:5      | Reached skill level 6 in Maces & Flails
  4685 | D:5      | Found a glowing silver altar of Zin.
  4899 | D:6      | Noticed a gargoyle
  4909 | D:6      | Killed a gargoyle
  4910 | D:6      | Reached skill level 8 in Maces & Flails
  4910 | D:6      | Reached XP level 8. HP: 58/67 MP: 8/8
  4993 | D:6      | Reached skill level 9 in Maces & Flails
  5183 | D:6      | Reached skill level 10 in Maces & Flails
  5200 | D:6      | HP: 3/67 [killer bee zombie (1)]
  5201 | D:6      | Slain by a killer bee zombie

Illustrated notes

Levels and vault maps discovered:
D:1:      onia_arrival_mini_spirals, layout_loops_ring, serial_shops,
          nicolae_shop_crystal, nicolae_ecumenical_lake_church,
          chequers_serial_rivers_micro_b, nrook_mini_vaults
D:2:      layout_basic, cheibrodos_gnoll_hut
D:3:      layout_basic, gammafunk_ghost_stat_death, uniq_terence
D:4:      layout_gridville, uniq_duvessa
D:5:      layout_basic, zin_scriptorium
D:6:      layout_rooms, uniq_prince_ribbit1

Skill      XL: |  1  2  3  4  5  6  7  8 |
---------------+-------------------------+-----
Axes           | 3 4 |  4.4
Fighting       | 4 |  4.7
Armour         | 4 |  4.3
Shields        | 4 |  4.3
Maces & Flails | 3 4 8 10 | 10.3

Action                   |  1- 3 |  4- 6 |  7- 9 || total
-------------------------+-------+-------+-------++-------
Melee: War axe           |   112 |    49 |       ||   161
       Morningstar       |       |    69 |    83 ||   152
       Mace              |       |       |    28 ||    28
  Use: Scroll            |       |    12 |     2 ||    14
       Potion            |       |     3 |     4 ||     7
Armor: Scale mail        |    46 |    36 |       ||    82
       Chain mail        |       |    51 |   113 ||   164
Dodge: Dodged            |    49 |    68 |    44 ||   161
Block: Buckler           |    26 |    35 |    35 ||    96
